AoeStats
← Joaking

Arena

504619985Analyzed
4v4 RM · 26d ago on Sep 6, 2026· 64m 29s· 8 players
Game mode
Random Map
Map size
Large (8 player)
Population
200
Speed
Normal
Resources
Standard
Victory
Conquest
Starting age
Dark Age
Ending age
Imperial Age
RankedLock teamsTeams togetherTeam positionsShared explorationLock speedFull tech treeHidden civsTurbo modeCheats
Victory
Defeat
🇺🇸 Cumans · United States
1264
+9
🇩🇪 Khmer · Germany
1106
+15
🇺🇸 Armenians · United States
1099
+16
🇺🇸 Sicilians · United States
1082
+17
🇳🇱 Dravidians · Netherlands
1117
-15
🇺🇾 Hindustanis · Uruguay
1114
-15
🇨🇳 Persians · China
1089
-14
🇨🇱 Britons · Chile
1062
-13
HAL900000
3:28 Loom
10:30 Feudal Age
12:26 Double-Bit Axe
16:55 Fletching
17:43 Horse Collar
24:05 Castle Age
27:30 Wheelbarrow
27:19 Bow Saw
27:45 Bloodlines
27:39 Town Watch
28:32 Husbandry
31:43 Hand Cart
32:03 Heavy Plow
33:41 Town Patrol
37:07 Imperial Age
37:16 Ballistics
36:54 Murder Holes
37:02 Bodkin Arrow
37:18 Forging
37:09 Scale Mail Armor
36:33 Elite Skirmisher
40:30 Chemistry
39:51 Conscription
38:58 Elite Serjeant
39:26 Arrowslits
41:01 Bracer
41:03 Padded Archer Armor
42:01 Crop Rotation
42:27 Hoardings
42:37 Leather Archer Armor
42:58 Iron Casting
42:39 Chain Mail Armor
44:17 Masonry
46:09 Blast Furnace
47:32 Squires
49:11 Plate Mail Armor
49:11 First Crusade
57:21 Cavalier
58:13 Scale Barding Armor
59:21 Chain Barding Armor
Sarren
7:09 Loom
10:50 Feudal Age
11:47 Double-Bit Axe
17:51 Horse Collar
21:53 Wheelbarrow
21:59 Town Watch
22:36 Bloodlines
25:48 Castle Age
24:03 Stone Mining
25:23 Gold Mining
26:42 Bow Saw
26:35 Heavy Plow
26:28 Fletching
27:04 Hand Cart
27:29 Gold Shaft Mining
27:06 Thumb Ring
27:45 Bodkin Arrow
27:51 Padded Archer Armor
32:18 Ballistics
35:30 Imperial Age
34:51 Hand Cart
35:25 Leather Archer Armor
35:19 Steppe Husbandry
35:47 Masonry
35:32 Murder Holes
36:43 Ring Archer Armor
37:18 Chemistry
36:14 Murder Holes
37:32 Parthian Tactics
39:06 Hoardings
38:33 Cuman Mercenaries
38:58 Scale Barding Armor
39:03 Forging
40:01 Conscription
39:07 Light Cavalry
42:35 Two-Man Saw
41:02 Hussar
41:13 Elite Steppe Lancer
42:43 Iron Casting
42:30 Chain Barding Armor
42:20 Capped Ram
42:34 Elite Skirmisher
45:59 Plate Barding Armor
46:02 Iron Casting
44:54 Siege Ram
46:43 Onager
51:40 Blast Furnace
51:45 Cavalier
56:03 Guilds
55:40 Paladin
59:02 Crop Rotation
Hungarian mafia
11:07 Feudal Age
12:12 Double-Bit Axe
13:16 Loom
16:51 Castle Age
15:14 Loom
17:47 Wheelbarrow
16:55 Horse Collar
17:08 Gold Mining
18:35 Heavy Plow
19:38 Hand Cart
19:09 Town Watch
22:10 Town Patrol
24:27 Sanctity
24:19 Fervor
26:26 Squires
26:12 Arson
27:09 Bow Saw
27:35 Gold Shaft Mining
26:51 Stone Mining
26:54 Fletching
27:15 Forging
27:06 Scale Mail Armor
30:35 Iron Casting
30:16 Chain Mail Armor
29:58 Bodkin Arrow
33:58 Fortified Wall
33:44 Murder Holes
34:11 Ballistics
34:03 Masonry
44:48 Imperial Age
44:03 Guard Tower
45:55 Bracer
46:56 Blast Furnace
46:26 Plate Mail Armor
47:01 Chemistry
45:27 Elite Composite Bowman
47:09 Fereters
47:27 Conscription
47:43 Hoardings
46:37 Capped Ram
48:35 Siege Ram
48:53 Onager
48:58 Siege Ram
52:14 Padded Archer Armor
57:14 Leather Archer Armor
61:43 Caravan
62:13 Coinage
61:54 Guilds
64:28 Banking
lumpensammler666
3:47 Loom
Sherlock_holmes
10:19 Feudal Age
10:51 Double-Bit Axe
10:31 Man-at-Arms
13:20 Town Watch
16:07 Scale Mail Armor
16:18 Forging
17:12 Loom
23:10 Castle Age
24:05 Town Watch
24:22 Horse Collar
25:30 Town Watch
26:16 Chain Mail Armor
28:15 Bow Saw
29:31 Wheelbarrow
29:57 Gold Mining
30:37 Heavy Plow
31:53 Hand Cart
31:33 Town Watch
32:30 Fortified Wall
32:44 Fletching
32:58 Stone Mining
33:59 Bodkin Arrow
37:15 Imperial Age
36:39 Ballistics
36:56 Thumb Ring
38:02 Medical Corps
38:21 Conscription
37:25 Elite Skirmisher
39:18 Chemistry
38:32 Bracer
38:30 Long Swordsman
39:24 Medical Corps
40:14 Chain Mail Armor
40:45 Iron Casting
40:11 Pikeman
41:02 Squires
41:36 Plate Mail Armor
41:55 Masonry
42:26 Plate Mail Armor
42:13 Halberdier
43:56 Blast Furnace
43:12 Long Swordsman
43:38 Gambesons
44:28 Elite Elephant Archer
44:40 Two-Handed Swordsman
45:34 Champion
48:20 Town Patrol
49:03 Wootz Steel
51:03 Caravan
55:38 Padded Archer Armor
57:20 Leather Archer Armor
60:56 Elite Urumi Swordsman
Joaking
10:56 Feudal Age
11:06 Feudal Age
15:51 Castle Age
16:54 Crossbowman
17:46 Fletching
26:01 Double-Bit Axe
25:57 Horse Collar
31:55 Imperial Age
29:29 Bodkin Arrow
29:58 Ballistics
30:44 Padded Archer Armor
31:57 Leather Archer Armor
33:39 Chemistry
32:52 Bracer
33:47 Conscription
33:14 Elite Longbowman
35:07 Masonry
35:29 Yeomen
35:48 Loom
36:39 Wheelbarrow
35:50 Town Watch
36:07 Heavy Plow
36:21 Bow Saw
40:39 Ring Archer Armor
41:57 Capped Ram
42:05 Onager
45:49 Warwolf
LaPolitziaaa
7:13 Loom
9:21 Feudal Age
9:54 Double-Bit Axe
10:22 Horse Collar
17:30 Castle Age
17:55 Bloodlines
18:26 Bow Saw
20:26 Husbandry
20:52 Forging
24:58 Iron Casting
26:06 Heavy Plow
27:15 Gold Mining
27:55 Scale Barding Armor
27:44 Fletching
29:38 Stone Mining
30:41 Light Cavalry
32:59 Ballistics
35:39 Wheelbarrow
39:44 Thumb Ring
39:00 Elite Skirmisher
41:13 Bodkin Arrow
41:18 Padded Archer Armor
48:42 Crossbowman
49:43 Leather Archer Armor
51:39 Hand Cart
51:08 Man-at-Arms
51:53 Scale Mail Armor
52:13 Chain Barding Armor
half_drop
10:47 Feudal Age
11:39 Double-Bit Axe
14:18 Castle Age
12:17 Horse Collar
Connection lost

Rejoining the realm…

Still unreachable

The connection could not be restored.

Session expired

The server has moved on; the page needs a fresh start.